 Dungeon Crawl Stone Soup version 0.31-a0-986-g5e6e4ef867 (webtiles) character file.

Game seed: 6849862561846791732

1504 avis the Nimble (level 8, -10/36 HPs)
             Began as a Felid Shapeshifter on Nov 16, 2023.
             Mangled by an orc warrior
             ... wielding a +0 long sword
              (14 damage)
             ... on level 7 of the Dungeon.
             The game lasted 00:34:11 (5942 turns).

avis the Nimble (Felid Shapeshifter)                Turns: 5942, Time: 00:34:12

Health: -10/36     AC:  2    Str: 10    XL:     8   Next: 52%
Magic:  9/9        EV: 29    Int: 18    God:
Gold:   475        SH:  0    Dex: 17    Spells: 3/7 levels left
                                        Lives:  0   Deaths: 2

rFire   . .          .
                       - Unarmed
rCold   . . .        (shield unavailable)
rNeg    . . .        (body armour unavailable)
rPois   .            (helmet unavailable)
rElec   .            (cloak unavailable)
rCorr   .            (gloves unavailable)
SInv    +            (boots unavailable)
Will    +....        (no amulet)
Stlth   ++           j - +6 ring of intelligence
HPRegen 0.26/turn    u - +5 ring of evasion
MPRegen 0.11/turn

%: no passive effects
@: beast-form, quick
A: beast (slay +4), very small, claws 1, fangs 3, see invisible, speed 1, shaggy
fur 2, stealthy paws, no weapons or thrown items, no armour, multi-lived
a: Begin Untransformation


You were on level 7 of the Dungeon.
You were a hulking beast.
You visited 1 branch of the dungeon, and saw 7 of its levels.

You collected 475 gold pieces.

Inventory:

Jewellery
 j - a +6 ring of intelligence (left paw)
 u - a +5 ring of evasion (right paw)
Talismans
 b - a beast talisman
 c - a flux talisman
Wands
 x - a wand of polymorph (10)
 y - a wand of light (5)
Scrolls
 a - 2 scrolls of identify
 d - 2 scrolls of vulnerability {unknown}
 g - 3 scrolls of teleportation {unknown}
 h - 2 scrolls of blinking {unknown}
 i - a scroll of fog {unknown}
 k - 2 scrolls of revelation {unknown}
 n - a scroll of amnesia {unknown}
 r - a scroll of silence {unknown}
 z - a scroll of enchant armour {unknown}
Potions
 e - a potion of enlightenment
 f - a potion of resistance
 l - 2 potions of curing
 m - a potion of attraction {unknown}
 o - 2 potions of ambrosia {unknown}
 p - 2 potions of mutation {unknown}
 q - a potion of heal wounds {unknown}
 s - 2 potions of might
 t - a potion of haste {unknown}
 v - a potion of lignification
 w - a potion of degeneration {unknown}


   Skills:
 - Level 4.0 Fighting
 * Level 10.5 Dodging
 - Level 3.0 Unarmed Combat
 - Level 7.0 Shapeshifting


You had 3 spell levels left.
You knew the following spells:

 Your Spells              Type           Power      Damage    Failure   Level
g - Passage of Golubria   Tloc           0%         N/A       91%         4

Your spell library contained the following spells:

 Spells                   Type           Power      Damage    Failure   Level
 Freeze                   Ice            0%         1d3       22%         1
 Sandblast                Erth           0%         2d4       22%         1
 Cigotuvi's Dreadful Rot  Necr/Pois/Air  0%         N/A       32%         2
 Passwall                 Tmut/Erth      0%         N/A       32%         2
 Dazzling Flash           Conj/Hex       0%         N/A       54%         3
 Frozen Ramparts          Ice            0%         1d1       54%         3
 Hailstorm                Conj/Ice       0%         3d3       54%         3
 Ignite Poison            Fire/Tmut/Pois 0%         N/A       54%         3
 Stone Arrow              Conj/Erth      0%         3d7       54%         3
 Volatile Blastmotes      Fire/Tloc      0%         2d10      54%         3
 Brom's Barrelling Bould  Conj/Erth      0%         2d3       91%         4
 Freezing Cloud           Conj/Ice/Air   0%         6-21      99%         5
 Silence                  Hex/Air        0%         N/A       99%         5
 Starburst                Conj/Fire      0%         6d3       100%        6
 Lehudib's Crystal Spear  Conj/Erth      0%         10d2      100%        8
 Maxwell's Capacitive Co  Air            0%         ∞         100%        8


Dungeon Overview and Level Annotations

Branches:
Dungeon (7/15)
 Temple: D:4-7

Altars:
Fedhas
Hepliaklqana
Kikubaaqudgha

Shops:
D:6 *

Annotations:
D:1 2 runed translucent doors


Innate Abilities, Weirdness & Mutations

You are a hulking beast.
Your limbs bulge with bestial killing power. (Slay +4)
You have sharp claws.
You have razor-sharp teeth.
You have supernaturally acute eyesight. (SInv)
You cover ground quickly. (Speed+)
You are covered in thick fur. (AC +2)
Your paws help you pounce on unaware monsters.
You are incapable of wielding weapons or throwing items.
You cannot wear armour.
You gain extra lives every three experience levels.


Message History

You claw the water moccasin!
The water moccasin is severely wounded.
The water moccasin closely misses you.
The orc warrior unwields a +0 long sword.
The orc warrior wields a +0 orcbow.
The orc warrior shoots an arrow.
The arrow completely misses you.
The arrow hits the water moccasin.
You hear a shout!
You barely miss the water moccasin. You bite the water moccasin.
You kill the water moccasin!
The orc warrior shoots an arrow.
The arrow misses you.
An orc comes into view. It is wielding a +0 hand axe.
An orc priest comes into view. It is wielding a +0 short sword.
Found a fuming puce potion.
The orc priest shouts!
The orc shouts!
The orc warrior shoots an arrow.
The arrow completely misses you.
The orc warrior shoots an arrow.
The arrow barely misses you.
You scratch the orc warrior but do no damage.
The orc warrior is severely wounded.
The orc warrior unwields a +0 orcbow.
The orc warrior wields a +0 long sword.
The orc warrior hits you with a +0 long sword.
You closely miss the orc warrior.
The orc warrior is severely wounded.
The orc warrior closely misses you.
The orc priest invokes the aid of Beogh against you.
Pain shoots through your body!
You scratch the orc warrior.
You bite the orc warrior, but do no damage.
The orc warrior is almost dead.
The orc warrior misses you. The orc completely misses you.
The orc priest invokes the aid of Beogh against you.
Beogh smites you!
* * * LOW HITPOINT WARNING * * *
You hear a shout!
You scratch the orc warrior but do no damage.
The orc warrior is almost dead.
The orc warrior barely misses you. The orc hits you but does no damage.
You scratch the orc warrior.
The orc warrior is almost dead.
The orc warrior hits you with a +0 long sword!
You die...

.... ... # #####.###
####.# #.....†.#
#....# ### #..##.).#
#.#### ....#..#....#
#.# ........#..##
#.###### #
!.##o.#...#.#
#....... #
#.oh###.#####.......
#
##.o.#........####..
##......####.# .
###.#### #.# . #.#
#.# # #.# #.. # . .
### ## ...# ... $.#


You could see an orc warrior, an orc priest and an orc.

Vanquished Creatures
  A water moccasin (D:7)
  An ice beast (D:5)
  A black bear (D:4)
  An ogre (D:5)
  A centaur (D:4)
  A phantom (D:5)
  5 scorpions
  5 wights
  A vampire bat (D:6)
  2 hounds
  An orc priest (D:3)
  A jelly (D:5)
  A gnoll bouda (D:5)
  An orc wizard (D:3)
  10 gnolls
  4 adders
  A dart slug (D:2)
  9 orcs
  7 ball pythons
  5 bat skeletons (D:6)
  2 bat zombies (D:6)
  9 endoplasms
  6 giant cockroaches
  4 goblins
  3 hobgoblins
  2 jackals (D:4)
  6 quokkas
  9 bats
  11 frilled lizards
  5 kobolds
  8 rats
124 creatures vanquished.

Notes
Turn   | Place    | Note
-------+----------+-------------------------------------------
     0 | D:1      | avis the Felid Shapeshifter began the quest for the Orb.
     0 | D:1      | Reached XP level 1. HP: 9/9 MP: 2/2
    93 | D:1      | Reached skill level 3 in Dodging
   140 | D:1      | Found a large runed translucent door.
   140 | D:1      | Found a large runed translucent door.
   276 | D:1      | Reached XP level 2. HP: 12/12 MP: 3/3
   595 | D:1      | Found a faded altar of an unknown god.
   997 | D:2      | Reached XP level 3. HP: 16/16 MP: 4/4
  1067 | D:2      | Reached skill level 4 in Dodging
  1964 | D:3      | Reached skill level 5 in Dodging
  1986 | D:3      | Reached XP level 4. HP: 19/19 MP: 5/5
  2572 | D:3      | Reached skill level 6 in Dodging
  2637 | D:4      | Noticed a scorpion
  2693 | D:4      | Reached XP level 5. HP: 23/23 MP: 6/6
  2932 | D:4      | Found a blossoming altar of Fedhas.
  2938 | D:4      | Noticed a black bear
  2946 | D:4      | Killed a black bear
  2947 | D:4      | Gained mutation: You are covered in thick fur. (AC +2)
                  | [Felid growth]
  2947 | D:4      | Reached XP level 6. HP: 28/28 MP: 7/7
  3372 | D:4      | Reached skill level 5 in Shapeshifting
  3590 | D:5      | Entered Level 5 of the Dungeon
  3816 | D:5      | Reached skill level 7 in Dodging
  3816 | D:5      | Reached XP level 7. HP: 31/31 MP: 8/8
  3890 | D:5      | Reached skill level 8 in Dodging
  4548 | D:5      | Reached skill level 9 in Dodging
  4848 | D:5      | Reached XP level 8. HP: 31/34 MP: 9/9
  4914 | D:6      | Found Huxen's General Store.
  5292 | D:6      | Identified the +5 dagger of Indomitability {spect, rPois
                  | Int+3}
  5300 | D:6      | Found a hazy altar of Hepliaklqana.
  5627 | D:5      | Slain by a wight
  5757 | D:6      | Found an ancient bone altar of Kikubaaqudgha.
  5830 | D:6      | Learned a level 4 spell: Passage of Golubria
  5857 | D:7      | Reached skill level 10 in Dodging
  5910 | D:7      | Slain by an orc warrior
  5942 | D:7      | Mangled by an orc warrior

Illustrated notes

Levels and vault maps discovered:
D:1:      erik_arrival_cave_to_civilisation [erik_arrival_cave_to_temple],
          layout_basic, hellmonk_ecumenical_altar_heavens_door
D:2:      layout_loops_cross
D:3:      layout_loops_ring, grunt_decor_fettered
D:4:      layout_loops_corners, mainiacjoe_overflow_brackets
D:5:      layout_loops_ring, dreamdust_princess_bridge, kennysheep_small_square
D:6:      layout_cave_pools, mainiacjoe_overflow_concentric_impassable,
          kennysheep_vampire_church, serial_shops, shop, hangedman_decor_points
D:7:      layout_loops_cross, nicolae_gozag_cash_rules_everything_around_me,
          minmay_temple_entry_fiery, serial_shops, shop, st_stairs_8,
          minivault_23, uniq_pikel, uniq_duvessa

Skill      XL: |  1  2  3  4  5  6  7  8 |
---------------+-------------------------+-----
Dodging        | 3 5 6 7 9 10 | 10.5
Fighting       | 2 3 4 |  4.0
Shapeshifting  | 4 5 6 7 |  7.0
Unarmed Combat | |  3.0

Action                     |  1- 3 |  4- 6 |  7- 9 || total
---------------------------+-------+-------+-------++-------
  Melee: Unarmed           |   111 |    95 |   189 ||   395
         Bite              |     6 |    10 |    23 ||    39
         Punch             |     1 |     3 |     7 ||    11
    Use: Potion            |       |     3 |     2 ||     5
         Scroll            |       |     5 |       ||     5
   Stab: Sleeping          |     7 |     1 |       ||     8
         Invisible         |       |     1 |       ||     1
 Armour: Skin              |    21 |    32 |    49 ||   102
  Dodge: Dodged            |    70 |    71 |   215 ||   356

Table legend: (Time is in decaauts)
 A = Elapsed time spent in this place.
 B = Non-inter-level travel time spent in this place.
 C = Inter-level travel time spent in this place.
 D = Time resting spent in this place.
 E = Time spent auto-exploring this place.
 F = Levels seen in this place.
 G = Mean time per level.
                   A        B        C        D        E       F      G
               +--------+--------+--------+--------+--------+-----+--------+
         Total |   5082 |   4741 |    341 |    889 |   2359 |   7 |  726.0 |
       Dungeon |   5082 |   4741 |    341 |    889 |   2359 |   7 |  726.0 |
               +--------+--------+--------+--------+--------+-----+--------+

Top non-repeatable levels by time:
     D:5: 1173 daAuts
     D:4: 966 daAuts
     D:1: 899 daAuts
     D:3: 724 daAuts
     D:6: 701 daAuts
     D:2: 551 daAuts
     D:7: 65 daAuts
